 Dungeon Crawl Stone Soup version 0.29.1-15-g9cfb28693d (webtiles) character file.

Game seed: 6223863554895854942

266 javelincjr the Ducker (level 6, 0/37 HPs)
             Began as a Djinni Conjurer on Mar 8, 2023.
             Was a Believer of Hepliaklqana.
             Slain by a lemure (3 damage)
             ... led by Pikel
             ... on level 5 of the Dungeon.
             The game lasted 00:12:49 (3598 turns).

javelincjr the Ducker (Djinni Conjurer)             Turns: 3598, Time: 00:12:50

Health: 0/37       AC:  3    Str:  8    XL:     6   Next: 44%
Gold:   124        EV: 13    Int: 20    God:    Hepliaklqana [**....] SH:  0 Dex: 11

rFire   + + .      SeeInvis .   h - +1 trident (flame)
rCold   x . .      Faith    .   (no shield)
rNeg    . . .      Spirit   .   a - +0 robe
rPois   ∞          Reflect  .   i - +0 helmet
rElec   .          Harm     .   (no cloak)
rCorr   .          Rampage  .   (no gloves)
Will    .....                   (boots unavailable)
Stlth   ++........              (no amulet)
HPRegen 0.12/turn               (no ring)
MPRegen 0.00/turn               (no ring)

@: flying
A: reduced essence, sickness immunity, fire resistance 2, cold vulnerability 1,
float, innate caster, HP casting, extra vitality 1
a: Renounce Religion, Recall Ancestor, Ancestor Identity


You were on level 5 of the Dungeon.
You worshipped Hepliaklqana.
Hepliaklqana was pleased with you.
You visited 1 branch of the dungeon, and saw 4 of its levels.

You collected 124 gold pieces.

Inventory:

Hand Weapons
 g - a +0 short sword
 h - a +1 trident of flaming (weapon)
Armour
 a - a +0 robe (worn)
 i - a +0 helmet (worn)
Jewellery
 e - a ring of willpower
Wands
 j - a wand of flame (15)
Scrolls
 c - a scroll of identify {unknown}
 d - a scroll of teleportation {unknown}
 k - a scroll of enchant weapon {unknown}
Potions
 b - 2 potions of ambrosia {unknown}
 f - 2 potions of might {unknown}
 l - 2 potions of resistance {unknown}


   Skills:
 * Level 1.2 Fighting
 + Level 0.5 Armour
 + Level 4.1 Dodging
 + Level 3.2 Stealth
 * Level 4.1 Spellcasting
 + Level 0.8 Invocations


You couldn't memorise any spells.
You knew the following spells:

 Your Spells              Type           Power      Damage    Failure   Level
a - Magic Dart            Conj           80%        1d7       2%          1
b - Searing Ray           Conj           40%        2d5       3%          2
c - Dazzling Flash        Conj/Hex       40%        N/A       7%          3
d - Fulminant Prism       Conj/Hex       10%        3d9       22%         4
e - Iskenderun's Mystic   Conj/Tloc      20%        2d6       22%         4
f - Sting                 Tmut/Pois      80%        1d7       2%          1
g - Poisonous Vapours     Pois/Air       40%        N/A       3%          2
Your spell library was empty.

Dungeon Overview and Level Annotations

Branches:
Dungeon (5/15)             Temple (0/1) D:4

Altars:
Hepliaklqana
Ru

Shops:
D:1 *

Annotations:
D:5 Pikel


Innate Abilities, Weirdness & Mutations

Your life essence is reduced to manifest your ancestor. (-10% HP)
You are immune to sickness and miasma.
You are immune to poison.
Your flesh is very heat resistant. (rF++)
You are vulnerable to cold. (rC-)
You float through the air rather than walking.
You learn spells naturally, not from books.
Your magical power is your life essence.
You have superior vitality. (+4 MHP)


Message History

The mystic blast hits the lemure.
The lemure is moderately wounded.
The lemure is knocked back by the mystic blast.
The lemure slams into the rock wall!
The lemure is heavily wounded.
Casting: Iskenderun's Mystic Blast (extremely dangerous; 22% risk of failure)
Confirm with . or Enter, or press ? or * to list all spells.
Casting: Dazzling Flash (dangerous; 7% risk of failure)
Press: ? - help, Dir - look around, f - activate
* * * LOW HITPOINT WARNING * * *
Pikel closely misses you.
Pikel hits you with a +0 whip of freezing.
* * * LOW HITPOINT WARNING * * *
Pikel freezes you.
* * * LOW HITPOINT WARNING * * *
The lemure hits you but does no damage.
You fly downwards.
There is a stone staircase leading up here.
Casting: Dazzling Flash (dangerous; 7% risk of failure)
Confirm with . or Enter, or press ? or * to list all spells.
You don't know that spell.
Casting: Dazzling Flash (dangerous; 7% risk of failure)
Confirm with . or Enter, or press ? or * to list all spells.
Casting: Dazzling Flash (dangerous; 7% risk of failure)
Press: ? - help, Dir - look around, f - activate Pikel is dazzled.
The lemure is dazzled.
* * * LOW HITPOINT WARNING * * *
Pikel completely misses you. The lemure barely misses you.
You barely miss Pikel.
Pikel is lightly wounded.
The lemure closely misses you.
Pikel hits you with a +0 whip of freezing.
* * * LOW HITPOINT WARNING * * *
Pikel freezes you.
* * * LOW HITPOINT WARNING * * *
Pikel barely misses you.
The lemure is no longer blind.
Your magical contamination has completely faded away.
The lemure attacks as you move away! The lemure hits you.
You die...

#.. #..
.. .. #.
#.
#.######
#.@5K..#
######.#
#.#
#.#######
#<....$..
##.......
.......
.......
###....


You could see Pikel and a lemure.

Vanquished Creatures
  2 orc wizards (D:4)
  Natasha (thrice) (D:2)
  Robin (D:2)
  5 adders
  A worm (D:2)
  4 dart slugs
  3 orcs (D:4)
  3 endoplasms
  6 goblins
  10 hobgoblins
  4 quokkas
  3 ball pythons
  3 bats (D:2)
  A frilled lizard (D:1)
  3 kobolds
  2 rats (D:2)
54 creatures vanquished.

Vanquished Creatures (collateral kills)
  An adder (D:2)
  A dart slug (D:2)
  A giant cockroach (D:2)
  2 goblins (D:2)
  2 hobgoblins (D:2)
  A ball python (D:2)
8 creatures vanquished.

Grand Total: 62 creatures vanquished

Notes
Turn   | Place    | Note
-------+----------+-------------------------------------------
     0 | D:1      | javelincjr the Djinni Conjurer began the quest for the Orb.
     0 | D:1      | javelincjr set off with the following spells memorised:
                  | Magic Dart, Searing Ray, Dazzling Flash, Fulminant Prism,
                  | Iskenderun's Mystic Blast.
     0 | D:1      | Reached XP level 1. HP: 15/15 MP: 0/0
   171 | D:1      | Noticed an eye of devastation
   180 | D:1      | Found a faded altar of an unknown god.
   182 | D:1      | Noticed an eye of devastation
   186 | D:1      | Noticed a shining eye
   186 | D:1      | Noticed a golden eye
   203 | D:1      | Reached XP level 2. HP: 14/21 MP: 0/0
   210 | D:1      | Prayed at the altar of an unknown god.
   210 | D:1      | Became a worshipper of Hepliaklqana the Forgotten
   210 | D:1      | Reached * piety under Hepliaklqana
   569 | D:1      | Found Miskawy's General Store.
  1160 | D:2      | Noticed Robin
  1164 | D:2      | Reached XP level 3. HP: 9/22 MP: 0/0
  1164 | D:2      | Learned a level 1 spell: Sting
  1639 | D:2      | Reached XP level 4. HP: 19/27 MP: 0/0
  2055 | D:2      | Killed Robin
  2370 | D:2      | Noticed Natasha
  2376 | D:2      | Killed Natasha
  2377 | D:2      | Reached XP level 5. HP: 14/31 MP: 0/0
  2377 | D:2      | Learned a level 2 spell: Poisonous Vapours
  2578 | D:2      | Noticed Natasha
  2582 | D:2      | Killed Natasha
  2596 | D:2      | Noticed Natasha
  2601 | D:2      | Killed Natasha
  2899 | D:2      | Reached ** piety under Hepliaklqana
  2901 | D:2      | Remembered your ancestor Ishtar-belessa as a knight
  3058 | D:2      | You are sucked into a shaft and drop 2 floors!
  3132 | D:4      | Found a sacrificial altar of Ru.
  3136 | D:4      | Reached XP level 6. HP: 34/36 MP: 0/0
  3217 | D:4      | Found a staircase to the Ecumenical Temple.
  3239 | D:4      | Reached skill level 1 in Fighting
  3287 | D:4      | Noticed Pikel
  3352 | D:5      | Entered Level 5 of the Dungeon
  3598 | D:5      | Slain by a lemure

Illustrated notes

Levels and vault maps discovered:
D:1:      denvon_arrival_planthouse, layout_loops_ring,
          hellmonk_ecumenical_altar_watching_god, serial_shops,
          nicolae_shop_statue_plus, hex_medium
D:2:      layout_basic, uniq_natasha, uniq_robin
D:4:      layout_gridville, nicolae_ru_great_annihilating_truth,
          minmay_temple_entry_ruins, serial_shops, nicolae_shop_trees,
          enter_ossuary_1, skrybe_limestone_x, uniq_eustachio, uniq_pikel,
          uniq_menkaure
D:5:      layout_basic, fedhas_ov_isle_minmay

Skill      XL: |  1  2  3  4  5  6 |
---------------+-------------------+-----
Stealth        | 2 3 |  3.2
Dodging        | 3 4 |  4.1
Spellcasting   | 4 |  4.1
Fighting       | 1 |  1.2
Armour         | |  0.5
Invocations    | |  0.8

Action                   |  1- 3 |  4- 6 || total
-------------------------+-------+-------++-------
Melee: Trident           |       |    23 ||    23
       Punch             |       |     1 ||     1
 Cast: Magic Dart        |    46 |    47 ||    93
       Searing Ray       |     1 |     9 ||    10
       Poisonous Vapours |       |     6 ||     6
       Iskenderun's Myst |       |     7 ||     7
       Dazzling Flash    |       |     2 ||     2
Invok: Ancestor Life: Kn |       |     1 ||     1
 Stab: Paralysed         |       |     1 ||     1
       Sleeping          |       |     1 ||     1
Armor: Robe              |       |    11 ||    11
Dodge: Dodged            |     7 |    26 ||    33
